 Dungeon Crawl Stone Soup version 0.28.0-1-gb440e238dd (webtiles) character file.

Game seed: 4106921019212416238

234 PoweredByGinger the Shield-Bearer (level 6, 0/37 HPs)
             Began as a Gargoyle Fighter on Feb 19, 2022.
             Slain by a black bear (9 damage)
             ... on level 4 of the Dungeon.
             The game lasted 00:02:41 (3448 turns).

PoweredByGinger the Shield-Bearer (GrFi)            Turns: 3448, Time: 00:02:41

Health: 0/37       AC: 11    Str: 22    XL:     6   Next: 5%
Magic:  6/6        EV:  9    Int:  8    God:
Gold:   85         SH:  5    Dex:  9    Spells: 5/5 levels left

rFire   . . .      SeeInvis .   a - +0 war axe
rCold   . . .      Faith    .   c - +0 buckler
rNeg    + . .      Spirit   .   b - +0 scale mail
rPois   ∞          Reflect  .   (no helmet)
rElec   +          Harm     .   (no cloak)
rCorr   .          Rampage  .   (no gloves)
Will    .....                   (no boots)
Stlth   ..........              (no amulet)
HPRegen 0.12/turn               (no ring)
MPRegen 0.10/turn               (no ring)

@: no status effects
A: sickness immunity, AC +4, negative energy resistance 1, electricity
resistance, torment resistance 1, petrification resistance
a: no special abilities


You were on level 4 of the Dungeon.
You visited 1 branch of the dungeon, and saw 4 of its levels.

You collected 85 gold pieces.

Inventory:

Hand Weapons
 a - a +0 war axe (weapon)
 e - a +1 flail of holy wrath
Missiles
 h - 6 poisoned darts (quivered)
 m - 3 boomerangs
 q - 41 bolts
Armour
 b - a +0 scale mail (worn)
 c - a +0 buckler (worn)
 k - a scarf of harm
Wands
 r - a wand of iceblast (9)
Scrolls
 j - 2 scrolls of identify {unknown}
 l - 4 scrolls of magic mapping {unknown}
 p - a scroll of fog {unknown}
 v - 2 scrolls of fear {unknown}
Potions
 d - a potion of might
 f - 2 potions of attraction {unknown}
 g - 2 potions of brilliance {unknown}
 i - 4 potions of mutation {unknown}
 n - 2 potions of ambrosia {unknown}
 o - a potion of heal wounds {unknown}
 s - 2 potions of curing {unknown}
 t - a potion of cancellation {unknown}
 u - a potion of haste {unknown}


   Skills:
 - Level 3.2 Fighting
 + Level 4.1 Axes
 - Level 3.2 Armour
 + Level 5.6 Shields


You had 5 spell levels left.
You didn't know any spells.
Your spell library contained the following spells:

 Spells                   Type           Power      Damage    Failure   Level
 Static Discharge         Conj/Air       0%         N/A       91%         2
 Dispel Undead            Necr           0%         3d6       100%        4
 Sticky Flame             Conj/Fire      0%         2d3       100%        4


Dungeon Overview and Level Annotations

Branches:
Dungeon (4/15)
 Temple: D:4-7

Altars:


Innate Abilities, Weirdness & Mutations

You are immune to sickness and miasma.
Your stone body is resilient. (AC +4)
You are immune to poison.
You resist negative energy. (rN+)
You are resistant to electric shocks. (rElec)
You are resistant to unholy torment.
You are immune to petrification.


Message History

The black bear misses you.
You hit the black bear.
The black bear is severely wounded.
The black bear goes berserk!
Unknown command.
You hit the black bear.
The black bear is almost dead.
The black bear bites you!
The black bear claws you but does no damage.
You block the black bear's attack. x2; The black bear completely misses you.
The black bear claws you.
Unknown command.
You completely miss the black bear.
The black bear is almost dead.
The black bear barely misses you. You block the black bear's attack.
The black bear closely misses you. The black bear misses you.
The black bear claws you.
The black bear claws you but does no damage.
Unknown command.
You hit the black bear.
The black bear is almost dead.
The black bear bites you.
The black bear claws you but does no damage.
The black bear completely misses you. The black bear barely misses you. x3
Unknown command.
You are too injured to fight recklessly!
Unknown command.
You hit the black bear but do no damage.
The black bear is almost dead.
The black bear bites you but does no damage.
The black bear claws you.
* * * LOW HITPOINT WARNING * * *
The black bear claws you but does no damage.
The black bear bites you but does no damage.
The black bear barely misses you.
The black bear claws you but does no damage.
You completely miss the black bear.
The black bear is almost dead.
The black bear bites you!
You die...

#.#######.....†....####.###
##............#[##### #.#
........#.......# #..
.######.#..##.### ####
#..........#.#
#.######.#.#.# #.#.#.#
#.....## ###@...# #h...#
#......# #.#.##.# #...# #
#.### #.# #..


You could see a black bear (berserk).

Vanquished Creatures
  A bullfrog (D:3)
  4 gnolls (D:2)
  5 adders
  An ufetubus (D:4)
  2 dart slugs (D:1)
  10 orcs
  6 bats
  5 endoplasms
  2 giant cockroaches (D:1)
  6 goblins
  4 hobgoblins
  A quokka (D:4)
  5 ball pythons
  A frilled lizard (D:1)
  11 kobolds
  6 rats
70 creatures vanquished.

Vanquished Creatures (others)
  2 plants (D:2)
  4 withered plants (D:1)
6 creatures vanquished.

Grand Total: 76 creatures vanquished

Notes
Turn   | Place    | Note
-------+----------+-------------------------------------------
     0 | D:1      | PoweredByGinger the Gargoyle Fighter began the quest for
                  | the Orb.
     0 | D:1      | Reached XP level 1. HP: 14/14 MP: 1/1
   356 | D:1      | Reached XP level 2. HP: 19/19 MP: 2/2
   856 | D:1      | Found a faded altar of an unknown god.
   864 | D:1      | Reached XP level 3. HP: 23/23 MP: 3/3
   951 | D:1      | Reached skill level 4 in Shields
  1357 | D:2      | Reached XP level 4. HP: 21/28 MP: 4/4
  2173 | D:3      | Noticed a bullfrog
  2180 | D:3      | Killed a bullfrog
  2181 | D:3      | Reached skill level 5 in Shields
  2181 | D:3      | Reached XP level 5. HP: 32/32 MP: 5/5
  3253 | D:4      | Reached XP level 6. HP: 32/37 MP: 6/6
  3437 | D:4      | Noticed a black bear
  3448 | D:4      | Slain by a black bear

Illustrated notes

Levels and vault maps discovered:
D:1:      minmay_arrival_jagged, layout_basic,
          ebering_ecumenical_altar_petrified, grunt_decor_junction
D:2:      cheibrodos_old_hovel, layout_basic
D:3:      layout_loops_cross, kennysheep_crisscross
D:4:      layout_loops_cross, hangedman_abyss_or_decor_slice

Skill      XL: |  1  2  3  4  5 |
---------------+----------------+-----
Axes           | 2 3 4 |  4.1
Shields        | 4 5 |  5.6
Fighting       | |  3.2
Armour         | |  3.2

Action                   |  1- 3 |  4- 6 || total
-------------------------+-------+-------++-------
Melee: War axe           |    79 |   137 ||   216
Armor: Scale mail        |    61 |    95 ||   156
Dodge: Dodged            |    33 |   101 ||   134
Block: Buckler           |    19 |    42 ||    61
